 Dungeon Crawl Stone Soup version 0.21-a0-41-g5e91fef (webtiles) character file.

2426 HAL9000 the Slicer (level 9, -14/42 HPs)
             Began as a Vine Stalker Assassin on June 4, 2017.
             Was a Follower of Dithmenos.
             Demolished by sveltemanboy's ghost (15 damage)
             ... on level 6 of the Dungeon.
             The game lasted 00:25:11 (8349 turns).

HAL9000 the Slicer (Vine Stalker Assassin)          Turns: 8349, Time: 00:25:11

Health: -14/42     AC:  3    Str: 16    XL:     9   Next: 48%
Magic:  0/19       EV: 11    Int: 11    God:    Dithmenos [*.....]
Gold:   413        SH:  0    Dex: 17    Spells: 8/8 levels left

rFire    . . .     SeeInvis .   b - +0 blowgun
rCold    . . .     Gourm    .   (no shield)
rNeg     . . .     Faith    .   O - +0 robe {MR+}
rPois    .         Spirit   +   (no helmet)
rElec    .         Reflect  .   d - +0 cloak
rCorr    .         Harm     .   (no gloves)
MR       ++...                  (no boots)
Stlth    +++.......             S - amulet of inaccuracy (curse)
Regen    0.6/turn               (no ring)
MPRegen  0.2/turn               x - ring of magical power

@: wreathed by umbra
A: fangs 3, regeneration 1, magic shield, antimagic bite, no potion heal 3, rot
immunity
a: Renounce Religion


You were on level 6 of the Dungeon.
You worshipped Dithmenos.
Dithmenos was aware of your devotion.
You were hungry.

You visited 2 branches of the dungeon, and saw 8 of its levels.

You collected 413 gold pieces.

Inventory:

Hand Weapons
 a - a +3 dagger
 b - a +0 blowgun (weapon)
 G - a +0 hand crossbow
Missiles
 e - 39 poisoned needles (quivered)
 w - 2 javelins
Armour
 c - a +0 robe
 d - a +0 cloak (worn)
 O - a +0 robe of magic resistance (worn)
Jewellery
 l - an uncursed ring of positive energy
 x - a ring of magical power (right hand)
 H - the amulet of Vitality {Regen+ HP+15}
   (You found it on level 5 of the Dungeon)

   [amulet of regeneration]

   It affects your health (+15).
   It increases your rate of regeneration.
 S - a cursed amulet of inaccuracy (around neck)
Wands
 p - a wand of scattershot (6/9)
 K - a wand of lightning (8/15)
Scrolls
 m - 4 scrolls of amnesia
 P - a scroll of magic mapping {unknown}
 Q - a scroll of silence {unknown}
 R - a scroll of identify
 T - a scroll of remove curse
Potions
 j - 2 potions of degeneration
 k - 6 potions of curing
 r - a potion of agility
 s - 2 potions of invisibility
 v - 2 potions of haste {unknown}
 B - a potion of might {unknown}
 C - 2 potions of flight {unknown}
Books
 N - a book of Cantrips

   Spells                             Type                      Level
   a - Confusing Touch                Hexes                        1
   b - Animate Skeleton               Necromancy                   1
   c - Summon Small Mammal            Summoning                    1
   d - Apportation                    Translocation                1
Comestibles
 g - 8 bread rations
 n - 3 royal jellies
 u - 2 meat rations
 E - a fruit


   Skills:
 - Level 1.7 Fighting
 + Level 11.4 Short Blades
 - Level 1.7 Throwing
 - Level 0.7 Dodging
 - Level 4.8 Stealth


You had 8 spell levels left.
You didn't know any spells.

Dungeon Overview and Level Annotations

Branches:
Dungeon (7/15)             Temple (1/1) D:5

Altars:
Ashenzari
Cheibriados
Dithmenos
Elyvilon
Fedhas
Gozag
Hepliaklqana
Kikubaaqudgha
Makhleb
Nemelex Xobeh
Okawaru
Qazlal
Ru
Sif Muna
Trog
Uskayaw
Vehumet
Wu Jian
Xom
Yredelemnul
Zin
The Shining One

Annotations:
D:6 Pikel; sveltemanboy's ghost, novice CeFi


Innate Abilities, Weirdness & Mutations

You have razor-sharp teeth.
Your natural rate of healing is unusually fast.
When hurt, damage is shared between your health and your magic reserves.
Your bite disrupts and absorbs the magic of your enemies.
Potions cannot restore your health.
You are immune to rotting.


Message History

You eat one of the 2 fruits.
You are feeling hungry.
That lemon was rather sour... but delicious nonetheless!
You climb upwards.
Level annotation: Pikel; sveltemanboy's ghost, novice CeFi Pikel hits you with a whip of flaming!
Pikel burns you.
Sveltemanboy's ghost closely misses you.
Pikel hits you with a whip of flaming! Pikel burns you.
There is a stone staircase leading down, spattered with blood here.
Unknown command.
Sveltemanboy's ghost hits you. Sveltemanboy's ghost hits you!
* * * LOW HITPOINT WARNING * * *
Pikel hits you with a whip of flaming.
* * * LOW HITPOINT WARNING * * *
Pikel burns you.
* * * LOW HITPOINT WARNING * * *
There is an open door here.
Sveltemanboy's ghost hits you!
You die...

...# #..........#....
...# ##..........#....
...# #..W........#....
...# ##....##....#....
..## #.###'##....#....
..##
#########(.....#....#....
...#
#........#.....#....#....
)..#
#........WK....#....#....
...#
#......[@#....##....#....
...#
#........#.>..##....#....
...#
#........#..........#....
...#
#<[[.....#..........#....
...#
#.(......#..........#....
####
#........#....##....#†...
...#
#........###'###....#....
...#
#........#(....#....#....
...#
#........#.....#....#....


You could see Pikel and sveltemanboy's ghost.

Vanquished Creatures
  2 ice beasts
  2 slaves (D:7)
  3 orc warriors
  2 sky beasts
  3 ogres
  2 phantoms
  3 bullfrogs
  2 scorpions (D:4)
  A howler monkey (D:4)
  A crimson imp (D:5)
  A centaur zombie (D:6)
  2 bullfrog zombies
  2 centaur skeletons
  7 orc priests
  4 orc wizards
  3 bullfrog skeletons
  2 hounds
  Natasha (D:1)
  3 worker ants
  A killer bee zombie (D:6)
  A hound zombie (D:5)
  2 worker ant zombies
  7 adders
  A howler monkey skeleton (D:4)
  2 shadow imps
  4 worms
  3 dart slugs
  4 leopard geckos
  26 orcs
  3 bats
  6 giant cockroaches
  9 goblins
  10 hobgoblins
  10 jackals
  A quokka (D:6)
  5 frilled lizards
  6 kobolds
  A quokka skeleton (D:4)
  8 rats
156 creatures vanquished.

Notes
Turn   | Place    | Note
-------+----------+-------------------------------------------
     0 | D:1      | HAL9000 the Vine Stalker Assassin began the quest for the Orb.
     0 | D:1      | Reached XP level 1. HP: 11/11 MP: 2/2
    98 | D:1      | Reached skill level 2 in Short Blades
   306 | D:1      | Reached XP level 2. HP: 15/15 MP: 3/3
   486 | D:1      | Reached skill level 3 in Short Blades
   918 | D:1      | Reached XP level 3. HP: 18/18 MP: 4/4
  1541 | D:2      | Gained mutation: Your natural rate of healing is unusually fast. [Vine Stalker growth]
  1541 | D:2      | Reached XP level 4. HP: 9/23 MP: 5/5
  1605 | D:2      | Reached skill level 4 in Short Blades
  1723 | D:2      | Noticed Natasha
  1772 | D:1      | Killed Natasha
  2026 | D:3      | Reached XP level 5. HP: 26/26 MP: 6/6
  2217 | D:3      | Reached skill level 5 in Short Blades
  2685 | D:3      | Reached XP level 6. HP: 17/30 MP: 7/7
  2890 | D:4      | Reached skill level 6 in Short Blades
  3389 | D:4      | Reached XP level 7. HP: 25/34 MP: 8/8
  3642 | D:4      | Reached skill level 7 in Short Blades
  4116 | D:5      | Entered Level 5 of the Dungeon
  4196 | D:5      | Found a staircase to the Ecumenical Temple.
  4305 | Temple   | Entered the Ecumenical Temple
  4408 | Temple   | Became a worshipper of Dithmenos the Shadowed
  4806 | D:5      | Reached skill level 8 in Short Blades
  4879 | D:5      | Gained mutation: You have razor-sharp teeth. [Vine Stalker growth]
  4879 | D:5      | Reached XP level 8. HP: 9/38 MP: 2/9
  4978 | D:5      | Found a basalt altar of Yredelemnul.
  5448 | D:5      | Reached skill level 9 in Short Blades
  6223 | D:6      | Noticed sveltemanboy's ghost (novice CeFi)
  6432 | D:6      | Reached skill level 10 in Short Blades
  6551 | D:6      | Reached XP level 9. HP: 42/42 MP: 10/10
  7018 | D:6      | Reached * piety under Dithmenos
  7692 | D:7      | Reached skill level 11 in Short Blades
  8067 | D:7      | Noticed Pikel
  8348 | D:6      | HP: 2/42 [Pikel/whip of flaming (2)]
  8349 | D:6      | Demolished by sveltemanboy's ghost

Vault maps used:
D:1:      roderic_crossed_star
D:2:      uniq_natasha
D:3:      hangedman_decor_points
D:5:      lemuel_doored_altar, temple_pool_b, first_bread
D:7:      uniq_crazy_yiuf_cottage, uniq_pikel
Temple:   kilobyte_greek_temple

Skill      XL: |  1  2  3  4  5  6  7  8  9 |
---------------+----------------------------+-----
Short Blades   | 2 3 4 5 6 8 10 11 | 11.4
Fighting       | |  1.7
Throwing       | |  1.7
Dodging        | |  0.7
Stealth        | |  4.8

Action                   |  1- 3 |  4- 6 |  7- 9 || total
-------------------------+-------+-------+-------++-------
Melee: Dagger            |    88 |   238 |   398 ||   724
       Bite              |    22 |    68 |   123 ||   213
 Fire: Blowgun           |       |    13 |    25 ||    38
Throw: Javelin           |       |       |     2 ||     2
  Use: Scroll            |       |       |    13 ||    13
 Stab: Sleeping          |     9 |     6 |     6 ||    21
       Distracted        |     2 |       |     1 ||     3
  Eat: Chunk             |     2 |     5 |    14 ||    21
       Fruit             |       |       |     2 ||     2
Armor: Robe              |    13 |    37 |    17 ||    67
       Leather armour    |       |    12 |     1 ||    13
Dodge: Dodged            |    30 |   110 |   143 ||   283
